 Dungeon Crawl Stone Soup version 0.29-a0-90-gc37658a0fe (webtiles) character file.

Game seed: 3827927971104002667

11 lordive the Scratcher (level 2, 0/12 HPs)
             Began as a Felid Transmuter on Feb 6, 2022.
             Slain by a dart slug (1 damage)
             ... on level 1 of the Dungeon.
             The game lasted 00:00:22 (121 turns).

lordive the Scratcher (Felid Transmuter)             Turns: 121, Time: 00:00:23

Health: 0/12       AC:  1    Str:  6    XL:     2   Next: 17%
Magic:  6/6        EV: 17    Int: 14    God:
Gold:   26         SH:  0    Dex: 16    Spells: 4/5 levels left
                                        Lives:  0   Deaths: 0

rFire   . . .      SeeInvis +     - Unarmed
rCold   . . .      Faith    .   (shield unavailable)
rNeg    . . .      Spirit   .   (armour unavailable)
rPois   .          Reflect  .   (helmet unavailable)
rElec   .          Harm     .   (cloak unavailable)
rCorr   .          Rampage  .   (gloves unavailable)
Will    .....                   (boots unavailable)
Stlth   +.........              (no amulet)
HPRegen 0.04/turn               (no ring)
MPRegen 0.10/turn               (no ring)

@: quick
A: very small, claws 1, fangs 3, see invisible, speed 1, shaggy fur 1, stealthy
paws, no weapons or thrown items, no armour, multi-lived
a: no special abilities


You were on level 1 of the Dungeon.
You visited 1 branch of the dungeon, and saw 1 of its levels.

You collected 26 gold pieces.

Inventory:

Scrolls
 a - a scroll of fog {unknown}


   Skills:
 + Level 1.3 Fighting
 + Level 2.7 Dodging
 + Level 3.4 Unarmed Combat
 + Level 2.0 Spellcasting
 + Level 2.2 Transmutations


You had 4 spell levels left.
You knew the following spells:

 Your Spells              Type           Power      Damage    Failure   Level
a - Beastly Appendage     Tmut           14%        N/A       10%         1

Your spell library contained the following spells:

 Spells                   Type           Power      Damage    Failure   Level
 Wereblood                Tmut           7%         N/A       14%         2
 Spider Form              Tmut/Pois      4%         N/A       41%         3
 Ice Form                 Ice/Tmut       4%         N/A       83%         4


Dungeon Overview and Level Annotations

Branches:
Dungeon (1/15)

Altars:


Innate Abilities, Weirdness & Mutations

You have sharp claws.
You have razor-sharp teeth.
You have supernaturally acute eyesight. (SInv)
You cover ground quickly. (Speed+)
You are covered in fur. (AC +1)
Your paws help you pounce on unaware monsters.
You are incapable of wielding weapons or throwing items.
You cannot wear armour.
You gain extra lives every three experience levels.


Message History

The bat hits you. The bat hits you. The bat misses you.
The bat barely misses you. The bat misses you. The bat closely misses you.
The bat misses you.
Your horns disappear.
The bat barely misses you. The bat hits you but does no damage.
You miss the bat. The bat barely misses you. The bat misses you.
You grow a pair of large bovine horns.
The bat closely misses you. The bat closely misses you. The bat misses you.
The bat misses you. The bat closely misses you.
Your transformation is almost over.
The bat barely misses you.
You scratch the bat. You claw the bat.
You kill the bat!
You barely miss the goblin. The goblin misses you.
You scratch the goblin.
You kill the goblin!
You scratch the endoplasm but do no damage.
The endoplasm closely misses you.
You scratch the endoplasm. You headbutt the endoplasm. You claw the endoplasm.
You kill the endoplasm!
Things that are here:
a +0 dagger; a goblin corpse; a bat corpse The dart slug launches a dart at you.
The slug dart hits you.
* * * LOW HITPOINT WARNING * * *
Your horns disappear.
The dart slug bites you.
* * * LOW HITPOINT WARNING * * *
You scratch the dart slug.
You bite the dart slug, but do no damage.
The dart slug is moderately wounded.
The dart slug bites you.
You die...

###### ########......#
#....# #......#....(.#
#....# #.[....#......#
#####....###......#......#
........)................#
######.............#......#
$[.........J.g.....#......#
..........######w###......#
.........## #@###......#
...†.....# #.....######
..)......# #..##########
.......#.# #.#.........#
..w....#..# #)#>........#
.......##.# #.#.........#
.####...
........#.........# w
..###.###....#....†....# .
#### .# #######.#.######


You could see a dart slug.

Vanquished Creatures
  A dart slug (D:1)
  2 bats (D:1)
  An endoplasm (D:1)
  3 goblins (D:1)
  A quokka (D:1)
8 creatures vanquished.

Notes
Turn   | Place    | Note
-------+----------+-------------------------------------------
     0 | D:1      | lordive the Felid Transmuter began the quest for the Orb.
     0 | D:1      | Reached XP level 1. HP: 9/9 MP: 4/4
    85 | D:1      | Reached XP level 2. HP: 9/12 MP: 4/6
   121 | D:1      | Slain by a dart slug

Illustrated notes

Levels and vault maps discovered:
D:1:      dpeg_arrival_arbitrary_c, layout_rooms

Action                   || total
-------------------------++-------
Melee: Unarmed           ||    19
       Headbutt          ||     3
       Bite              ||     3
       Punch             ||     2
 Cast: Beastly Appendage ||     4
Armor: Skin              ||     1
Dodge: Dodged            ||    26

Table legend: (Time is in decaauts)
 A = Elapsed time spent in this place.
 B = Non-inter-level travel time spent in this place.
 C = Inter-level travel time spent in this place.
 D = Time resting spent in this place.
 E = Time spent auto-exploring this place.
 F = Levels seen in this place.
 G = Mean time per level.
                   A        B        C        D        E       F      G
               +--------+--------+--------+--------+--------+-----+--------+
         Total |    104 |    104 |      0 |      0 |     46 |   1 |  104.0 |
       Dungeon |    104 |    104 |      0 |      0 |     46 |   1 |  104.0 |
               +--------+--------+--------+--------+--------+-----+--------+

Top non-repeatable levels by time:
     D:1: 104 daAuts
